[Event "Welsh Chess Championships"]
[Site "Cardiff, Wales"]
[Date "2018.04.01"]
[Round "5.7"]
[White "Bennett, Patrick"]
[Black "Sivarajasingam, Venetia"]
[Result "0-1"]
[ECO "E06"]
[WhiteElo "2014"]
[BlackElo "1764"]
[PlyCount "54"]
[EventDate "2018.??.??"]
[TimeControl "6000+1110"]
[WhiteClock "0:22:22"]
[BlackClock "0:16:33"]

1. d4 d5 2. c4 e6 3. Nf3 Be7 4. g3 Nf6 5. Bg2 O-O 6. O-O dxc4 7. Qc2 a6 8. Qxc4
b5 9. Qc2 Bb7 10. Bd2 Ra7 11. a3 Be4 12. Qc1 Nbd7 13. Rd1 c5 14. Be3 Qc7 15.
Nc3 Bd5 16. Bf4 Qb6 17. Nxd5 Nxd5 18. h4 cxd4 19. Nxd4 Nxf4 20. gxf4 Bxh4 21.
e3 Nf6 22. Bf3 Nd7 23. Kg2 Rc7 24. Qd2 e5 25. Nf5 Qg6+ 26. Ng3 Bxg3 27. fxg3
Rc2 0-1

[Event "Welsh Chess Championships"]
[Site "Cardiff, Wales"]
[Date "2018.04.01"]
[Round "5.8"]
[White "Van Kemenade, Julie"]
[Black "Van Kemenade, Rudy"]
[Result "0-1"]
[ECO "C24"]
[WhiteElo "1701"]
[BlackElo "1979"]
[PlyCount "66"]
[EventDate "2018.??.??"]
[TimeControl "6000+500"]
[WhiteClock "0:26:41"]
[BlackClock "1:02:27"]

1. e4 e5 2. Bc4 Nf6 3. d3 c6 4. Bb3 d5 5. Nd2 Bc5 6. Ngf3 Nbd7 7. O-O O-O 8. h3
Re8 9. Re1 Qb6 10. Re2 Bf8 11. Qe1 dxe4 12. Ng5 Re7 13. Ndxe4 h6 14. Nxf6+ gxf6
15. Nf3 Bg7 16. Be3 Qc7 17. Qd2 Kh7 18. Nh4 Nf8 19. c3 Ng6 20. Nf3 f5 21. Bc5
Re8 22. Rae1 b6 23. Ba3 c5 24. Bc2 Bb7 25. Nh2 Nf4 26. d4 Nxe2+ 27. Rxe2 exd4
28. Bxf5+ Kg8 29. cxd4 Qc6 30. Nf3 Rxe2 31. Qxe2 Re8 32. Qd2 Bxd4 33. Qxh6 Qxh6
0-1

[Event "Welsh Chess Championships"]
[Site "Cardiff, Wales"]
[Date "2018.04.01"]
[Round "5.9"]
[White "Davis, Lee"]
[Black "Ralphs, Nigel"]
[Result "1-0"]
[ECO "E46"]
[WhiteElo "1954"]
[BlackElo "1989"]
[PlyCount "77"]
[EventDate "2018.??.??"]
[TimeControl "6000+925"]
[WhiteClock "0:16:59"]
[BlackClock "0:48:23"]

1. d4 Nf6 2. c4 e6 3. Nc3 Bb4 4. e3 O-O 5. Nge2 d5 6. a3 Be7 7. cxd5 exd5 8.
Nf4 Re8 9. Bd3 c6 10. O-O Nbd7 11. Qc2 Nf8 12. b4 a6 13. Rb1 Bd6 14. f3 Qc7 15.
g3 a5 16. e4 axb4 17. axb4 Bxf4 18. Bxf4 Qd7 19. e5 Nh5 20. Be3 g6 21. Na4 Qh3
22. Nb6 Ra3 23. Bc1 Ra7 24. Qg2 Qxg2+ 25. Kxg2 Nd7 26. Nxd7 Bxd7 27. b5 Ra2+
28. Rf2 Bh3+ 29. Kg1 Rea8 30. bxc6 bxc6 31. g4 Ng7 32. Rxa2 Rxa2 33. Rb8+ Ne8
34. Rxe8+ Kg7 35. Rc8 Bg2 36. f4 Bf3 37. f5 gxf5 38. gxf5 Rg2+ 39. Kf1 1-0

[Event "Welsh Chess Championships"]
[Site "Cardiff, Wales"]
[Date "2018.04.01"]
[Round "5.10"]
[White "Ehsandar, Peter"]
[Black "Bullen, Alex"]
[Result "1/2-1/2"]
[ECO "B40"]
[WhiteElo "1993"]
[BlackElo "2112"]
[PlyCount "61"]
[EventDate "2018.??.??"]
[TimeControl "6000+690"]
[WhiteClock "0:23:36"]
[BlackClock "0:12:54"]

1. e4 c5 2. Nf3 e6 3. d4 cxd4 4. Nxd4 Nf6 5. Nc3 Nc6 6. Be3 Bb4 7. Bd3 d5 8.
exd5 Nxd5 9. Nxc6 bxc6 10. Bd2 Nxc3 11. bxc3 Bd6 12. Qg4 Qf6 13. O-O Bd7 14.
Rab1 e5 15. Qe4 Qg6 16. Qf3 f5 17. Bc4 e4 18. Rfe1 Be6 19. Bxe6 Qxe6 20. Qh5+
Qg6 21. Qxg6+ hxg6 22. g3 O-O 23. Be3 Rfb8 24. Rb3 Rb5 25. Reb1 Ra5 26. Rd1 Be5
27. a3 Rd5 28. Rdb1 Ra5 29. Rd1 Rd5 30. Rdb1 Ra5 31. Rd1 1/2-1/2

[Event "Welsh Chess Championships"]
[Site "Cardiff, Wales"]
[Date "2018.04.01"]
[Round "5.11"]
[White "Smith, Lynda"]
[Black "Hughes, Anthony"]
[Result "1/2-1/2"]
[ECO "B10"]
[WhiteElo "1855"]
[BlackElo "1925"]
[PlyCount "82"]
[EventDate "2018.??.??"]
[TimeControl "6000+1470"]
[WhiteClock "0:31:26"]
[BlackClock "0:02:32"]

1. e4 c6 2. d3 d5 3. Nd2 e5 4. Ngf3 Bd6 5. g3 Bg4 6. Bg2 Nf6 7. h3 Bh5 8. O-O
O-O 9. b3 Nbd7 10. Bb2 a5 11. a4 Qc7 12. Re1 Rfe8 13. g4 Bg6 14. Nh4 Rac8 15.
Nf1 dxe4 16. dxe4 Nc5 17. Ng3 Rcd8 18. Qe2 Ne6 19. Nhf5 Nf4 20. Qf3 Bc5 21.
Rad1 Ne6 22. h4 Bxf5 23. Nxf5 Bb4 24. c3 Bc5 25. g5 Nd7 26. Bc1 Ndf8 27. h5 Be7
28. Nxe7+ Qxe7 29. Qg3 Rxd1 30. Rxd1 Rd8 31. Rxd8 Qxd8 32. Be3 Qd1+ 33. Kh2
Qxh5+ 34. Bh3 Ng6 35. Qg4 Qxg4 36. Bxg4 Ngf4 37. Bb6 Kf8 38. Bxa5 Ke7 39. Kg3
Kd6 40. Bxe6 Nxe6 41. Kg4 Nf4 1/2-1/2

[Event "Welsh Chess Championships"]
[Site "Cardiff, Wales"]
[Date "2018.04.01"]
[Round "5.12"]
[White "Sivarajasingam, Shayanna"]
[Black "Turner, Joseph David"]
[Result "1/2-1/2"]
[ECO "C47"]
[WhiteElo "1729"]
[BlackElo "1884"]
[PlyCount "56"]
[EventDate "2018.??.??"]
[TimeControl "6000+1665"]
[WhiteClock "0:06:12"]
[BlackClock "0:04:24"]

1. e4 e5 2. Nf3 Nc6 3. Nc3 Nf6 4. d4 exd4 5. Nxd4 Nxe4 6. Nxe4 Qe7 7. f3 d5 8.
Bb5 Bd7 9. Bxc6 bxc6 10. O-O dxe4 11. Re1 f5 12. fxe4 fxe4 13. Qe2 g6 14. Qxe4
Qxe4 15. Rxe4+ Kd8 16. Bg5+ Kc8 17. Rd1 Rb8 18. Nb3 Rb4 19. Rxb4 Bxb4 20. c3
Bd6 21. Be3 a6 22. Bc5 Bf4 23. g3 Bh6 24. Re1 Re8 25. Rxe8+ Bxe8 26. Nd4 Be3+
27. Kf1 Bf7 28. b3 Kd7 1/2-1/2

[Event "Welsh Chess Championships"]
[Site "Cardiff, Wales"]
[Date "2018.04.02"]
[Round "6.1"]
[White "Jameson, David"]
[Black "Zeidler, Sven P"]
[Result "1/2-1/2"]
[ECO "B01"]
[WhiteElo "2033"]
[BlackElo "2153"]
[PlyCount "70"]
[EventDate "2018.??.??"]
[TimeControl "5400+1520"]
[WhiteClock "0:03:01"]
[BlackClock "0:04:36"]

1. e4 d5 2. exd5 Qxd5 3. Nf3 Bg4 4. Be2 Nc6 5. d4 O-O-O 6. c4 Qf5 7. Be3 Nf6 8.
Nc3 e5 9. d5 e4 10. Nd4 Nxd4 11. Bxd4 Bb4 12. O-O Bxc3 13. Bxc3 Rhe8 14. f3
exf3 15. Bxf3 Bxf3 16. Qxf3 Qxf3 17. Rxf3 Ne4 18. Bxg7 Rg8 19. Rf4 Ng5 20. h4
Nh3+ 21. gxh3 Rxg7+ 22. Rg4 Rxg4+ 23. hxg4 Rg8 24. g5 h6 25. Rf1 hxg5 26. Rxf7
gxh4+ 27. Kh2 Rg4 28. b3 Rd4 29. Kh3 Rd2 30. Kxh4 Rxa2 31. Kg4 a5 32. Rf3 Rc2
33. Kf5 Kd7 34. Ke5 Re2+ 35. Kd4 b6 1/2-1/2

[Event "Welsh Chess Championships"]
[Site "Cardiff, Wales"]
[Date "2018.04.02"]
[Round "6.2"]
[White "Sands, David A"]
[Black "Staniforth, Matthew"]
[Result "1/2-1/2"]
[ECO "D02"]
[WhiteElo "2088"]
[BlackElo "1866"]
[PlyCount "99"]
[EventDate "2018.??.??"]
[TimeControl "6000+815"]
[WhiteClock "0:06:50"]
[BlackClock "0:23:00"]

1. d4 d5 2. Nf3 e6 3. c4 c6 4. e3 f5 5. Bd3 Nf6 6. O-O Bd6 7. b3 O-O 8. Ba3 Ne4
9. Bxd6 Qxd6 10. Qc1 Nd7 11. Qa3 Qb8 12. Rc1 Re8 13. Nc3 Ndf6 14. Ne5 Nd7 15.
Nxd7 Bxd7 16. Ne2 Kh8 17. Rc2 Qd8 18. cxd5 exd5 19. Qc1 Qe7 20. Qf1 a5 21. Rb1
Qb4 22. Qc1 Qd6 23. Ng3 Rf8 24. Nf1 Rae8 25. f4 Re7 26. Bxe4 fxe4 27. Rf2 Ref7
28. Rbb2 Bc8 29. Qc5 Qc7 30. Rbc2 Rd8 31. b4 axb4 32. Qxb4 b6 33. Rb2 b5 34.
Rbc2 Bb7 35. Rc3 Ra8 36. Ra3 Rff8 37. Rc2 Qf7 38. Rxa8 Rxa8 39. Ng3 Rf8 40. Qd6
Rc8 41. Nf1 Rf8 42. h3 Qf6 43. Qxf6 gxf6 44. Rc3 Ra8 45. a3 Ra4 46. Nd2 Kg7 47.
Kf2 b4 48. axb4 Ra2 49. Ke1 Ra1+ 50. Kf2 1/2-1/2

[Event "Welsh Chess Championships"]
[Site "Cardiff, Wales"]
[Date "2018.04.02"]
[Round "6.3"]
[White "Brown, Thomas"]
[Black "Rayner, Francis"]
[Result "1/2-1/2"]
[ECO "A61"]
[WhiteElo "2074"]
[BlackElo "2073"]
[PlyCount "114"]
[EventDate "2018.??.??"]
[TimeControl "6000+985"]
[WhiteClock "0:14:08"]
[BlackClock "0:18:02"]

1. d4 Nf6 2. c4 e6 3. Nf3 c5 4. d5 exd5 5. cxd5 d6 6. Nc3 g6 7. Bf4 a6 8. a4
Bg7 9. h3 Qe7 10. e3 Nbd7 11. Be2 O-O 12. O-O Nh5 13. Bh2 f5 14. Nd2 Nhf6 15.
Nc4 Ne8 16. Qd2 Ne5 17. Bxe5 Bxe5 18. Nxe5 Qxe5 19. f4 Qe7 20. Bf3 Nf6 21. Rae1
Bd7 22. e4 fxe4 23. Bxe4 Qg7 24. f5 b5 25. fxg6 hxg6 26. axb5 axb5 27. Bb1 b4
28. Ne2 Rae8 29. Nf4 Rxe1 30. Rxe1 Qh6 31. Bxg6 Ng4 32. Rf1 Ne5 33. Bb1 Qg5 34.
Qc1 Bb5 35. Ne6 Rxf1+ 36. Qxf1 Qe3+ 37. Qf2 Qxf2+ 38. Kxf2 Bd3 39. Bxd3 Nxd3+
40. Ke2 Nxb2 41. Nc7 Nc4 42. Nb5 Na3 43. Nxd6 b3 44. Ne4 b2 45. Nc3 Nb5 46. Nb1
c4 47. Kd2 Kf7 48. Kc2 c3 49. h4 Kf6 50. h5 Kg5 51. g4 Kh6 52. d6 Nxd6 53. Nxc3
Nc4 54. Nd1 Ne5 55. Ne3 Nxg4 56. Nxg4+ Kxh5 57. Kxb2 Kxg4 1/2-1/2

[Event "Welsh Chess Championships"]
[Site "Cardiff, Wales"]
[Date "2018.04.02"]
[Round "6.4"]
[White "Kett, Tim"]
[Black "Van Kemenade, Rudy"]
[Result "1/2-1/2"]
[ECO "C24"]
[WhiteElo "2231"]
[BlackElo "1979"]
[PlyCount "70"]
[EventDate "2018.??.??"]
[TimeControl "6000+810"]
[WhiteClock "0:08:00"]
[BlackClock "1:12:48"]

1. e4 e5 2. Bc4 Nf6 3. d3 c6 4. Nf3 Be7 5. O-O d6 6. a4 h6 7. Nbd2 Nbd7 8. Re1
Nf8 9. d4 Qc7 10. c3 g5 11. Qb3 Be6 12. dxe5 dxe5 13. Bxe6 Nxe6 14. Nc4 Nd7 15.
Ne3 O-O-O 16. Nf5 Ndc5 17. Qc4 Nd3 18. Rd1 Nxc1 19. Raxc1 Bf6 20. h3 h5 21. b4
g4 22. hxg4 hxg4 23. Nh2 Rhg8 24. b5 cxb5 25. Qxc7+ Kxc7 26. axb5 Nc5 27. Rxd8
Bxd8 28. Re1 Bg5 29. Re2 Bc1 30. Ne7 Rg5 31. Nd5+ Kd6 32. Nf6 g3 33. Nf3 gxf2+
34. Kxf2 Rg6 35. Ne8+ Ke6 1/2-1/2

[Event "Welsh Chess Championships"]
[Site "Cardiff, Wales"]
[Date "2018.04.02"]
[Round "6.5"]
[White "Pleasants, Allan J"]
[Black "Heaven, Pete"]
[Result "1/2-1/2"]
[ECO "B30"]
[WhiteElo "2114"]
[BlackElo "2022"]
[PlyCount "28"]
[EventDate "2018.??.??"]
[TimeControl "6000+1525"]
[WhiteClock "0:28:47"]
[BlackClock "1:06:29"]

1. e4 c5 2. Nf3 Nc6 3. c3 d5 4. exd5 Qxd5 5. d4 Bf5 6. Na3 cxd4 7. cxd4 e6 8.
Bc4 Qe4+ 9. Be3 Bb4+ 10. Kf1 Nf6 11. Nb5 O-O 12. a3 a6 13. Ng5 Qh4 14. Nf3 Qe4
1/2-1/2

[Event "Welsh Chess Championships"]
[Site "Cardiff, Wales"]
[Date "2018.04.02"]
[Round "6.6"]
[White "Sivarajasingam, Venetia"]
[Black "Heap, Gerry"]
[Result "0-1"]
[ECO "B51"]
[WhiteElo "1764"]
[BlackElo "2080"]
[PlyCount "69"]
[EventDate "2018.??.??"]
[TimeControl "6000+1405"]
[WhiteClock "0:30:22"]
[BlackClock "0:38:13"]

1. e4 c5 2. Nf3 d6 3. Bb5+ Nc6 4. O-O Bd7 5. Re1 e6 6. c3 a6 7. Bf1 Nge7 8. d4
cxd4 9. cxd4 d5 10. e5 Nf5 11. Be3 Be7 12. Bd3 Nxe3 13. fxe3 Qb6 14. Qd2 g5 15.
Rf1 g4 16. Ne1 Bg5 17. Nc2 O-O-O 18. b4 f6 19. exf6 e5 20. Qc3 exd4 21. exd4
Kb8 22. Bf5 Rhf8 23. Qg3+ Ka7 24. Qxg4 Bxf5 25. Rxf5 Nxd4 26. Kh1 Nxc2 27. Qxg5
Nxa1 28. Qd2 Rxf6 29. Rxf6 Qxf6 30. Qd1 Rf8 31. Nd2 Nc2 32. Nf3 Ne3 33. Qe1 d4
34. Qe2 Qg6 35. h3 0-1

[Event "Welsh Chess Championships"]
[Site "Cardiff, Wales"]
[Date "2018.04.02"]
[Round "6.7"]
[White "Davis, Lee"]
[Black "Bennett, Patrick"]
[Result "0-1"]
[ECO "E63"]
[WhiteElo "1954"]
[BlackElo "2014"]
[PlyCount "62"]
[EventDate "2018.??.??"]
[TimeControl "6000+1150"]
[WhiteClock "0:31:15"]
[BlackClock "0:19:57"]

1. d4 Nf6 2. g3 g6 3. Bg2 Bg7 4. Nf3 O-O 5. O-O d6 6. c4 Nc6 7. Nc3 a6 8. e4
Rb8 9. h3 Bd7 10. a4 Na5 11. c5 dxc5 12. dxc5 Be6 13. Qxd8 Rfxd8 14. Bf4 Ne8
15. Rad1 Nb3 16. Be3 Bc4 17. Rxd8 Rxd8 18. Rd1 Rxd1+ 19. Nxd1 Be6 20. Nd2 c6
21. Nb1 Nf6 22. f4 Nd7 23. g4 Ndxc5 24. f5 Bd7 25. a5 Nd3 26. Bf1 Nxb2 27. Nxb2
Bxb2 28. Bb6 Bd4+ 29. Bxd4 Nxd4 30. Na3 c5 31. Kf2 Nb3 0-1

[Event "Welsh Chess Championships"]
[Site "Cardiff, Wales"]
[Date "2018.04.02"]
[Round "6.8"]
[White "Bullen, Alex"]
[Black "Camp, Imogen A L"]
[Result "1-0"]
[ECO "D02"]
[WhiteElo "2112"]
[BlackElo "1822"]
[PlyCount "65"]
[EventDate "2018.??.??"]
[TimeControl "6000+1275"]
[WhiteClock "0:19:24"]
[BlackClock "0:08:30"]

1. d4 d5 2. Nf3 Nf6 3. c4 e6 4. g3 Bb4+ 5. Bd2 Bd6 6. Bg2 Nbd7 7. Qc2 c6 8. O-O
O-O 9. Bg5 h6 10. Bxf6 Nxf6 11. Nbd2 b6 12. e4 Be7 13. Rac1 Bb7 14. e5 Ne8 15.
cxd5 cxd5 16. Qa4 a5 17. Rfe1 Nc7 18. Bf1 Na6 19. a3 Rc8 20. Bb5 Rc7 21. Nb1
Qc8 22. Rc3 Rxc3 23. Nxc3 Qc7 24. Rc1 Rc8 25. Kg2 Kf8 26. Qc2 g6 27. h4 h5 28.
Qd2 Kg7 29. Qf4 Nb8 30. Ng5 Bxg5 31. Qxg5 Ba6 32. Qf6+ Kg8 33. Nxd5 1-0

[Event "Welsh Chess Championships"]
[Site "Cardiff, Wales"]
[Date "2018.04.02"]
[Round "6.10"]
[White "Hughes, Anthony"]
[Black "Van Kemenade, Julie"]
[Result "1-0"]
[ECO "A41"]
[WhiteElo "1925"]
[BlackElo "1701"]
[PlyCount "47"]
[EventDate "2018.??.??"]
[TimeControl "6000+1030"]
[WhiteClock "0:29:11"]
[BlackClock "0:50:48"]

1. d4 d6 2. Nf3 Nf6 3. g3 Nbd7 4. c4 e5 5. Nc3 Be7 6. Bg2 c6 7. Qc2 Qc7 8. b3
Nf8 9. Bb2 Ng6 10. e3 Bd7 11. Rd1 h5 12. h4 Ng4 13. Ne4 O-O-O 14. Neg5 Bxg5 15.
Nxg5 Rdf8 16. O-O Ne7 17. dxe5 dxe5 18. Rd2 f6 19. Ne4 Nf5 20. Nc5 Nfxe3 21.
fxe3 e4 22. Qxe4 Qxg3 23. Qf4 Qxh4 24. Rxd7 1-0

[Event "Welsh Chess Championships"]
[Site "Cardiff, Wales"]
[Date "2018.04.02"]
[Round "6.11"]
[White "Fathallah, Joe"]
[Black "Turner, Joseph David"]
[Result "1-0"]
[ECO "A50"]
[WhiteElo "1977"]
[BlackElo "1884"]
[PlyCount "67"]
[EventDate "2018.??.??"]
[TimeControl "6000+990"]
[WhiteClock "0:07:02"]
[BlackClock "0:01:08"]

1. d4 Nf6 2. c4 g5 3. Bxg5 Ne4 4. Bd2 Bg7 5. Nc3 Nd6 6. e3 b6 7. Nf3 a5 8. Qc2
e6 9. Bd3 f5 10. e4 Nc6 11. e5 Nb4 12. Qb1 Nxd3+ 13. Qxd3 Nf7 14. O-O-O Ba6 15.
Rhe1 c6 16. Ne2 b5 17. c5 b4 18. Qc2 O-O 19. Nf4 Qb8 20. Nh5 a4 21. Qb1 b3 22.
a3 Qb5 23. Nxg7 Qc4+ 24. Bc3 Kxg7 25. Re3 Qd5 26. h3 Nh8 27. Nh4 Ng6 28. Nxg6
hxg6 29. Rg3 Rh8 30. Rg5 Rh4 31. g4 Rxh3 32. gxf5 Rxc3+ 33. bxc3 b2+ 34. Qxb2
1-0

[Event "Welsh Chess Championships"]
[Site "Cardiff, Wales"]
[Date "2018.04.02"]
[Round "6.12"]
[White "Smith, Lynda"]
[Black "Sivarajasingam, Shayanna"]
[Result "1/2-1/2"]
[ECO "D35"]
[WhiteElo "1855"]
[BlackElo "1729"]
[PlyCount "49"]
[EventDate "2018.??.??"]
[TimeControl "6000+1690"]
[WhiteClock "0:42:01"]
[BlackClock "0:35:45"]

1. d4 d5 2. c4 e6 3. Nc3 Nf6 4. cxd5 exd5 5. Bg5 c6 6. e3 Be7 7. Bd3 O-O 8. Qc2
Nbd7 9. Nge2 Re8 10. O-O h6 11. Bh4 Ne4 12. Bxe7 Qxe7 13. Bxe4 dxe4 14. d5 Qc5
15. dxc6 Qxc6 16. Nd4 Qg6 17. Nd5 Re5 18. Nf4 Qb6 19. Rac1 Nc5 20. a3 Ne6 21.
Ndxe6 Bxe6 22. Nxe6 Rxe6 23. Rfd1 Rc6 24. Qd2 Rac8 25. h3 1/2-1/2

[Event "Welsh Chess Championships"]
[Site "Cardiff, Wales"]
[Date "2018.04.02"]
[Round "7.1"]
[White "Zeidler, Sven P"]
[Black "Brown, Thomas"]
[Result "1/2-1/2"]
[ECO "B10"]
[WhiteElo "2153"]
[BlackElo "2074"]
[PlyCount "100"]
[EventDate "2018.??.??"]
[TimeControl "6000+835"]
[WhiteClock "0:11:30"]
[BlackClock "0:03:29"]

1. e4 c6 2. Nf3 d5 3. exd5 cxd5 4. Ne5 Nd7 5. d4 g6 6. Bb5 Ngf6 7. Nc3 Bg7 8.
O-O a6 9. Be2 O-O 10. Re1 Nxe5 11. dxe5 Nd7 12. Nxd5 Nxe5 13. Bg5 f6 14. Bf4 e6
15. Ne3 Nf7 16. Nc4 e5 17. Be3 Bf5 18. Nb6 Qxd1 19. Raxd1 Rad8 20. c3 Be6 21.
Bf3 Rxd1 22. Rxd1 Rd8 23. Rxd8+ Nxd8 24. a4 f5 25. Bg5 Nc6 26. Bxc6 bxc6 27. f3
Bf8 28. Be3 Bd6 29. Kf1 e4 30. fxe4 Bxh2 31. exf5 gxf5 32. Ke2 Kf7 33. Kd3 Kg6
34. b4 Kh5 35. c4 Bc7 36. a5 Kg4 37. Bf2 h5 38. Kd4 Bg3 39. Bg1 Be1 40. Ke5 Bg8
41. b5 Bxc4 42. Nxc4 cxb5 43. Ne3+ Kg5 44. Nxf5 Bxa5 45. Nd4 Bc3 46. Kd5 Bxd4
47. Bxd4 Kg4 48. Be5 h4 49. Kc5 h3 50. gxh3+ Kxh3 1/2-1/2

[Event "Welsh Chess Championships"]
[Site "Cardiff, Wales"]
[Date "2018.04.02"]
[Round "7.2"]
[White "Staniforth, Matthew"]
[Black "Jameson, David"]
[Result "1/2-1/2"]
[ECO "C47"]
[WhiteElo "1866"]
[BlackElo "2033"]
[PlyCount "68"]
[EventDate "2018.??.??"]
[TimeControl "6000+1865"]
[WhiteClock "0:07:29"]
[BlackClock "0:01:42"]

1. e4 e5 2. Nf3 Nc6 3. Nc3 Nf6 4. Be2 d5 5. exd5 Nxd5 6. O-O Nxc3 7. bxc3 e4 8.
Nd4 Nxd4 9. cxd4 Be7 10. d3 exd3 11. Bxd3 O-O 12. Rb1 Bf6 13. Ba3 Re8 14. c3 b6
15. Qh5 g6 16. Qf3 Bd7 17. Rbd1 Kg7 18. Be4 Rb8 19. Rfe1 Qc8 20. h3 Qa6 21. Bc1
Ba4 22. Rd2 Bg5 23. Rde2 Bxc1 24. Rxc1 f5 25. Bd3 Bb5 26. c4 Rxe2 27. cxb5 Qa3
28. Rxc7+ Re7 29. Qf4 Rbe8 30. Qe5+ Kh6 31. Qf4+ Kg7 32. Qe5+ Kh6 33. Qf4+ Kg7
34. Qe5+ Kh6 1/2-1/2

[Event "Welsh Chess Championships"]
[Site "Cardiff, Wales"]
[Date "2018.04.02"]
[Round "7.3"]
[White "Rayner, Francis"]
[Black "Sands, David A"]
[Result "1/2-1/2"]
[ECO "B47"]
[WhiteElo "2073"]
[BlackElo "2088"]
[PlyCount "43"]
[EventDate "2018.??.??"]
[TimeControl "6000+1030"]
[WhiteClock "0:24:21"]
[BlackClock "0:22:21"]

1. e4 c5 2. Nf3 e6 3. d4 cxd4 4. Nxd4 Nc6 5. Nc3 Qc7 6. g3 a6 7. Bg2 d6 8. O-O
Bd7 9. Nce2 Nf6 10. c4 Be7 11. b3 O-O 12. Bb2 Rac8 13. Rc1 Qb8 14. a4 Rfd8 15.
h3 Nxd4 16. Nxd4 Be8 17. Qe2 Bf8 18. f4 Nd7 19. Kh1 Nc5 20. Qe3 a5 21. Ba1 b6
22. Rb1 1/2-1/2

[Event "Welsh Chess Championships"]
[Site "Cardiff, Wales"]
[Date "2018.04.02"]
[Round "7.4"]
[White "Van Kemenade, Rudy"]
[Black "Heap, Gerry"]
[Result "0-1"]
[ECO "B31"]
[WhiteElo "1979"]
[BlackElo "2080"]
[PlyCount "66"]
[EventDate "2018.??.??"]
[TimeControl "6000+755"]
[WhiteClock "1:28:16"]
[BlackClock "0:27:10"]

1. e4 c5 2. Nf3 Nc6 3. Bb5 g6 4. O-O Bg7 5. c3 e5 6. d4 cxd4 7. cxd4 Nxd4 8.
Nxd4 exd4 9. Bf4 a6 10. Bc4 d6 11. Qb3 Qf6 12. Qg3 Be6 13. Nd2 h6 14. Bxd6 b5
15. e5 Qf5 16. Bd3 Qg5 17. Qf3 Rc8 18. Ne4 Qg4 19. Qxg4 Bxg4 20. f4 Bf5 21.
Rac1 Ne7 22. Bc5 Bxe4 23. Bxe4 Kd7 24. Rfd1 Nc6 25. Bxd4 Nxd4 26. Rxd4+ Ke7 27.
Rxc8 Rxc8 28. Rd6 Rc4 29. Bd5 Rd4 30. b3 Rxf4 31. Rxa6 Bxe5 32. Ra7+ Kd6 33.
Rxf7 Kxd5 0-1

[Event "Welsh Chess Championships"]
[Site "Cardiff, Wales"]
[Date "2018.04.02"]
[Round "7.5"]
[White "Heaven, Pete"]
[Black "Kett, Tim"]
[Result "1/2-1/2"]
[ECO "C60"]
[WhiteElo "2022"]
[BlackElo "2231"]
[PlyCount "40"]
[EventDate "2018.??.??"]
[TimeControl "6000+1380"]
[WhiteClock "0:46:29"]
[BlackClock "0:25:14"]

1. e4 e5 2. Nf3 Nc6 3. Bb5 g6 4. O-O Bg7 5. c3 Nge7 6. d4 exd4 7. cxd4 d5 8.
exd5 Nxd5 9. Bg5 Qd6 10. Re1+ Be6 11. Nc3 Nxc3 12. bxc3 O-O 13. Qd2 a6 14. Bxc6
Qxc6 15. Bh6 Rad8 16. Bxg7 Kxg7 17. Ne5 Qd6 18. Re4 c5 19. Rh4 h5 20. Rxh5 gxh5
1/2-1/2

[Event "Welsh Chess Championships"]
[Site "Cardiff, Wales"]
[Date "2018.04.02"]
[Round "7.7"]
[White "Musson, Adam J"]
[Black "Fathallah, Joe"]
[Result "1-0"]
[ECO "A40"]
[WhiteElo "2050"]
[BlackElo "1977"]
[PlyCount "115"]
[EventDate "2018.??.??"]
[TimeControl "6000+500"]
[WhiteClock "0:36:30"]
[BlackClock "0:11:20"]

1. d4 e6 2. Nf3 d5 3. c4 c6 4. Nc3 f5 5. g3 Nf6 6. Bg2 Bd6 7. O-O O-O 8. b3
Nbd7 9. a4 Ne4 10. Qc2 Qe7 11. Bf4 Bxf4 12. gxf4 Ndf6 13. Ne5 Nh5 14. e3 Rf6
15. Ne2 Rh6 16. f3 Nd6 17. c5 Nf7 18. Qd2 Bd7 19. Nxd7 Qxd7 20. Ng3 Nxg3 21.
hxg3 g5 22. Kf2 Rh2 23. Rh1 Rxh1 24. Rxh1 gxf4 25. exf4 b6 26. Rc1 Nd8 27. Qe3
Qg7 28. cxb6 axb6 29. Bh3 Qf6 30. Qc3 Ra7 31. Qd2 h5 32. Rg1 Rg7 33. b4 h4 34.
g4 fxg4 35. fxg4 Nb7 36. g5 Qg6 37. Qe2 Nd8 38. a5 bxa5 39. bxa5 Ra7 40. a6 Qf7
41. Kf3 Qg6 42. Re1 Kf7 43. Bf1 Qh5+ 44. Kf2 Qxe2+ 45. Bxe2 e5 46. fxe5 Kg6 47.
Bd3+ Kxg5 48. e6 Nxe6 49. Rxe6 Rc7 50. Re8 Kf4 51. Rh8 Kg4 52. Rh7 Rc8 53. Be2+
Kh3 54. a7 Rf8+ 55. Bf3 Ra8 56. Rb7 Kh2 57. Rb1 Rxa7 58. Rh1# 1-0

[Event "Welsh Chess Championships"]
[Site "Cardiff, Wales"]
[Date "2018.04.02"]
[Round "7.8"]
[White "Bennett, Patrick"]
[Black "Hughes, Anthony"]
[Result "1/2-1/2"]
[ECO "D00"]
[WhiteElo "2014"]
[BlackElo "1925"]
[PlyCount "33"]
[EventDate "2018.??.??"]
[TimeControl "6000+1245"]
[WhiteClock "0:49:51"]
[BlackClock "0:45:07"]

1. d4 d5 2. Bf4 Nf6 3. e3 Bf5 4. c4 Bxb1 5. Qxb1 e6 6. Bd3 Bb4+ 7. Kf1 Bd6 8.
Bxd6 Qxd6 9. Nf3 Nbd7 10. g3 O-O 11. c5 Qe7 12. Kg2 e5 13. Bf5 e4 14. Nd2 g6
15. Bxd7 Qxd7 16. a4 Nh5 17. Rc1 1/2-1/2

[Event "Welsh Chess Championships"]
[Site "Cardiff, Wales"]
[Date "2018.04.02"]
[Round "7.9"]
[White "Sivarajasingam, Venetia"]
[Black "Davis, Lee"]
[Result "1/2-1/2"]
[ECO "B09"]
[WhiteElo "1764"]
[BlackElo "1954"]
[PlyCount "24"]
[EventDate "2018.??.??"]
[TimeControl "6000+45"]
[WhiteClock "1:32:24"]
[BlackClock "1:35:31"]

1. e4 g6 2. d4 d6 3. Nc3 Bg7 4. f4 Nf6 5. Nf3 c5 6. Bb5+ Bd7 7. e5 Ng4 8. e6
fxe6 9. Ng5 Bxb5 10. Nxe6 Bxd4 11. Nxd8 Bf2+ 12. Kd2 Be3+ 1/2-1/2

[Event "Welsh Chess Championships"]
[Site "Cardiff, Wales"]
[Date "2018.04.02"]
[Round "7.10"]
[White "Camp, Imogen A L"]
[Black "Smith, Lynda"]
[Result "1/2-1/2"]
[ECO "A80"]
[WhiteElo "1822"]
[BlackElo "1855"]
[PlyCount "34"]
[EventDate "2018.??.??"]
[TimeControl "6000+440"]
[WhiteClock "1:02:22"]
[BlackClock "1:05:15"]

1. d4 f5 2. h3 Nf6 3. Nf3 d6 4. Bf4 g6 5. e3 Bg7 6. c4 c6 7. Nc3 O-O 8. Be2 Qe8
9. Qc2 Na6 10. a3 h6 11. b4 Nh5 12. Bh2 e5 13. O-O-O Nc7 14. Rhg1 exd4 15. Nxd4
Be5 16. Bxe5 dxe5 17. Nb3 Nf6 1/2-1/2

[Event "Welsh Chess Championships"]
[Site "Cardiff, Wales"]
[Date "2018.04.02"]
[Round "7.11"]
[White "Turner, Joseph David"]
[Black "Van Kemenade, Julie"]
[Result "1/2-1/2"]
[ECO "B07"]
[WhiteElo "1884"]
[BlackElo "1701"]
[PlyCount "32"]
[EventDate "2018.??.??"]
[TimeControl "6000+520"]
[WhiteClock "0:48:54"]
[BlackClock "1:20:23"]

1. e4 d6 2. d4 Nf6 3. Nc3 c6 4. h3 Qc7 5. Be3 e5 6. Nge2 Nbd7 7. g4 h6 8. Bg2
Be7 9. Qd2 g5 10. d5 c5 11. Ng3 Nf8 12. Nf5 Bxf5 13. exf5 a6 14. a4 N8d7 15. f3
Nb6 16. b3 O-O-O 1/2-1/2